 Dungeon Crawl Stone Soup version 0.31-a0-968-g24f9ace8b5 (webtiles) character file.

Game seed: 2627714770100668689

1726828 Monkooky the Slayer (level 25, 280/280 HPs)
             Began as a Barachi Shapeshifter on Oct 22, 2023.
             Was the Champion of Okawaru.
             Escaped with the Orb
             ... and 3 runes on Oct 27, 2023!
             The game lasted 03:53:15 (59731 turns).

Monkooky the Slayer (Barachi Shapeshifter)         Turns: 59731, Time: 03:53:16

Health: 280/280    AC: 33    Str: 23 (24) XL:     25   Next: 43%
Magic:  31/33      EV: 16    Int: 17 (20) God:    Okawaru [******]
Gold:   2648       SH: 18    Dex: 12      Spells: 17/38 levels left

rFire   + .          .
                       - Unarmed
rCold   + . .        o - +5 kite shield {reflect}
rNeg    + . .        X - melded +6 plate armour of Calculation {rF+ Slay+4}
rPois   ∞            p - +3 crown of Dyrovepreva {rElec Int+2 SInv}
rElec   +            H - +2 cloak {rCorr}
rCorr   +            O - melded +2 pair of gloves
SInv    +            E - melded +2 pair of boots
Will    +....        K - amulet of Patience {Rampage Regen+}
Stlth   +            w - ring of Wonder {rC+ rCorr}
HPRegen 1.46/turn    Z - ring "Vodghim" {rElec rF+ Dex+2}
MPRegen 0.23/turn

%: reflection, rampage
@: statue-form, hasted, studying 3 skills
A: slow and powerful, torment resistance 1, boosted hp, amphibious, (slowness
1), strong legs 2, +LOS, horns 1, see invisible, clever 1, deterioration 1
0: Orb of Zot
}: 3/15 runes: decaying, slimy, gossamer
a: Hop, Begin Untransformation, Renounce Religion, Heroism, Finesse, Duel,
Receive Weapon


You escaped.
You worshipped Okawaru.
Okawaru was exalted by your worship.
You were a living statue of rough stone.
You visited 10 branches of the dungeon, and saw 51 of its levels.
You also visited: Trove, Bailey, Gauntlet, Ice Cave and Desolation.

You collected 7495 gold pieces.
You spent 4847 gold pieces at shops.

Inventory:

Missiles
 a - 42 silver javelins
 i - 17 curare-tipped darts
 r - 13 boomerangs
 s - 4 datura-tipped darts
 W - 12 javelins
Armour
 o - a +5 kite shield of reflection (worn)
 p - the +3 crown of Dyrovepreva (worn) {rElec Int+2 SInv}
   (You bought it in a shop on level 8 of the Dungeon)

   Int+2:     It affects your intelligence (+2).
   rElec:     It insulates you from electricity.
   SInv:      It lets you see invisible.
 E - a +2 pair of boots (melded)
 H - a +2 cloak of preservation (worn)
 O - a +2 pair of gloves (melded)
 T - a +1 crystal plate armour of cold resistance
 X - the +6 plate armour of Calculation (melded) {rF+ Slay+4}
   (Okawaru gifted it to you on level 10 of the Dungeon)

   Slay+4:    It affects your accuracy & damage with ranged weapons and melee
   (+4).
   rF+:       It protects you from fire.
Jewellery
 l - a +5 ring of evasion
 w - the ring of Wonder (left fist) {rC+ rCorr}
   (You took it off a deep elf high priest on level 3 of the Elven Halls)

   [ring of resist corrosion]

   rC+:       It protects you from cold.
   rCorr:     It protects you from acid and corrosion.
 z - the ring "Caghaem" {+Blink rPois Will++}
   (You took it off a servant of whispers in the Desolation of Salt)

   [ring of poison resistance]

   rPois:     It protects you from poison Will++: It greatly increases your
   willpower.
   +Blink:    It lets you blink.
 G - the ring of Zan Pabb {rF+ rN++ Will+ Int-2 SInv}
   (You acquired it on level 5 of the Lair of Beasts)

   [ring of protection from fire]

   Int-2:     It affects your intelligence (-2).
   rF+:       It protects you from fire.
   rN++:      It greatly protects you from negative energy.
   Will+:     It increases your willpower.
   SInv:      It lets you see invisible.
 K - the amulet of Patience (around neck) {Rampage Regen+}
   (You found it in a treasure trove)

   [amulet of regeneration]

   Regen+:    It increases your rate of health regeneration.
   Rampage:   It bestows one free step when moving towards enemies.
 U - the amulet "Uteg" {Spirit Will- Regen+ SInv}
   (You found it in a treasure trove)

   [amulet of guardian spirit]

   Spirit:    It causes incoming damage to be divided between your reserves of
   health and magic.
   Will-:     It decreases your willpower.
   SInv:      It lets you see invisible.
   Regen+:    It increases your rate of health regeneration.
 Z - the ring "Vodghim" (right fist) {rElec rF+ Dex+2}
   (You took it off a servant of whispers in the Desolation of Salt)

   [ring of protection from fire]

   Dex+2:     It affects your dexterity (+2).
   rF+:       It protects you from fire.
   rElec:     It insulates you from electricity.
Talismans
 v - a granite talisman (active)
Wands
 d - a wand of digging (21)
 f - a wand of paralysis (49)
 M - a wand of iceblast (30)
 P - a wand of quicksilver (32)
Scrolls
 b - a scroll of silence
 e - 7 scrolls of amnesia
 h - 21 scrolls of teleportation
 j - 2 scrolls of blinking
 n - 8 scrolls of vulnerability
 q - 11 scrolls of fog
 t - 5 scrolls of immolation
 x - 5 scrolls of fear
 y - 3 scrolls of torment
 Y - 2 scrolls of poison
Potions
 c - 5 potions of cancellation
 g - 4 potions of haste
 k - 3 potions of enlightenment
 m - 8 potions of lignification
 u - 2 potions of invisibility
 A - 10 potions of mutation
 B - 10 potions of attraction
 C - 4 potions of magic
 D - 10 potions of brilliance
 F - 6 potions of ambrosia
 I - 10 potions of might
 J - 5 potions of heal wounds
 L - 4 potions of berserk rage
 Q - 11 potions of curing
 R - 6 potions of resistance
Miscellaneous
 N - a lightning rod (4/4)
 V - a phial of floods


   Skills:
 * Level 21.8 Fighting
 - Level 19.4 Throwing
 - Level 15.5 Armour
 - Level 12.0 Dodging
 - Level 1.7 Stealth
 - Level 14.9 Shields
 + Level 19.6 Unarmed Combat
 - Level 7.1 Spellcasting
 - Level 12.3 Translocations
 - Level 10.7 Ice Magic
 - Level 10.8 Invocations
 - Level 9.1 Evocations
 - Level 16.0 Shapeshifting


You had 17 spell levels left.
You knew the following spells:

 Your Spells              Type           Power      Damage    Failure   Level
a - Manifold Assault      Tloc           48%        N/A       1%          4
b - Blink                 Tloc           96%        N/A       1%          2
c - Ozocubu's Armour      Ice            42%        N/A       1%          3
d - Passage of Golubria   Tloc           48%        N/A       1%          4
e - Apportation           Tloc           96%        N/A       1%          1
f - Ozocubu's Refrigerat  Ice            21%        4d12      87%         7

Your spell library contained the following spells:

 Spells                   Type           Power      Damage    Failure   Level
 Freeze                   Ice            100%       1d10      1%          1
 Lesser Beckoning         Tloc           96%        N/A       1%          2
 Momentum Strike          Conj/Tloc      54%        3d9       1%          2
 Frozen Ramparts          Ice            84%        1d13      1%          3
 Gell's Gravitas          Tloc           48%        N/A       1%          3
 Teleport Other           Tloc           48%        N/A       1%          3
 Ensorcelled Hibernation  Hex/Ice        48%        N/A       3%          2
 Volatile Blastmotes      Fire/Tloc      54%        2d14      4%          3
 Hailstorm                Conj/Ice       24%        3d7       6%          3
 Dimensional Bullseye     Hex/Tloc       13%        N/A       14%         4
 Iskenderun's Mystic Bla  Conj/Tloc      27%        2d7       14%         4
 Dispersal                Tloc           24%        N/A       16%         6
 Necrotise                Necr           24%        1d5       17%         1
 Sandblast                Erth           12%        2d6       17%         1
 Shock                    Conj/Air       24%        1d4       17%         1
 Slow                     Hex            24%        N/A       17%         1
 Sting                    Tmut/Pois      24%        1d4       17%         1
 Cigotuvi's Dreadful Rot  Necr/Pois/Air  12%        N/A       26%         2
 Jinxbite                 Hex            12%        N/A       26%         2
 Passwall                 Tmut/Erth      5%         N/A       26%         2
 Scorch                   Fire           12%        2d5       26%         2
 Static Discharge         Conj/Air       12%        3-4/arc   26%         2
 Wereblood                Tmut           6%         N/A       26%         2
 Confusing Touch          Hex            6%         N/A       45%         3
 Dazzling Flash           Conj/Hex       12%        N/A       45%         3
 Ignite Poison            Fire/Tmut/Pois 6%         N/A       45%         3
 Inner Flame              Hex/Fire       6%         N/A       45%         3
 Mephitic Cloud           Conj/Pois/Air  6%         N/A       45%         3
 Sigil of Binding         Hex            6%         N/A       45%         3
 Stone Arrow              Conj/Erth      12%        3d7       45%         3
 Swiftness                Air            6%         N/A       45%         3
 Vampiric Draining        Necr           6%         2d6       45%         3
 Metabolic Englaciation   Hex/Ice        12%        N/A       47%         5
 Freezing Cloud           Conj/Ice/Air   9%         6-21      73%         5
 Airstrike                Air            3%         2d(1-17)  86%         4
 Brom's Barrelling Bould  Conj/Erth      6%         2d3       86%         4
 Cause Fear               Hex            3%         N/A       86%         4
 Dispel Undead            Necr           6%         3d8       86%         4
 Flame Wave               Conj/Fire      6%         2d5       86%         4
 Fulminant Prism          Conj/Hex       3%         3d5       86%         4
 Leda's Liquefaction      Hex/Erth       3%         N/A       86%         4
 Petrify                  Tmut/Erth      6%         N/A       86%         4
 Sticky Flame             Conj/Fire      6%         2d3       86%         4
 Agony                    Necr           6%         N/A       99%         5
 Alistair's Intoxication  Tmut/Pois      4%         N/A       99%         5
 Arcjolt                  Conj/Air       3%         1d13      99%         5
 Borgnjor's Vile Clutch   Necr/Erth      3%         N/A       99%         5
 Fireball                 Conj/Fire      3%         3d4       99%         5
 Irradiate                Conj/Tmut      3%         3d12      99%         5
 Silence                  Hex/Air        3%         N/A       99%         5
 Yara's Violent Unravell  Hex/Tmut       3%         3d4       99%         5
 Eringya's Noxious Bog    Tmut/Pois      3%         4d6       100%        6
 Borgnjor's Revivificati  Necr           3%         N/A       100%        8
 Disjunction              Tloc           24%        N/A       100%        8
 Death's Door             Necr           3%         N/A       100%        9
 Polar Vortex             Ice            21%        12d2*     100%        9
 Summon Small Mammal      Summ           Unusable   N/A       N/A         1
 Summon Ice Beast         Ice/Summ       Unusable   N/A       N/A         4
 Sublimation of Blood     Necr           Unusable   N/A       N/A         2
 Call Canine Familiar     Summ           Unusable   N/A       N/A         3
 Tukima's Dance           Hex            Unusable   N/A       N/A         3
 Animate Dead             Necr           Unusable   N/A       N/A         4
 Summon Lightning Spire   Summ/Air       Unusable   N/A       N/A         4
 Simulacrum               Ice/Necr       Unusable   N/A       N/A         6
 Summon Mana Viper        Hex/Summ       Unusable   N/A       N/A         5
 Death Channel            Necr           Unusable   N/A       N/A         6
 Summon Cactus Giant      Summ           Unusable   N/A       N/A         6
 Haunt                    Necr/Summ      Unusable   N/A       N/A         7
 Infestation              Necr           Unusable   N/A       N/A         8
 Dragon's Call            Summ           Unusable   N/A       N/A         9

Dungeon Overview and Level Annotations

Branches:
Dungeon (15/15)            Temple (0/1) D:4            Lair (5/5) D:11
  Swamp (4/4) Lair:2       Spider (4/4) Lair:3        Slime (5/5) Lair:4
    Orc (2/2) D:9             Elf (3/3) Orc:2        Vaults (4/5) D:14
  Crypt (0/3) Vaults:3     Depths (4/4) D:15            Zot (5/5) Depths:4
 Bailey (visited)           IceCv (visited)         Desolation (visited)
Gauntlet (visited)

Altars:
Ashenzari
Cheibriados
Dithmenos
Fedhas
Gozag
Kikubaaqudgha
Okawaru
Qazlal
Sif Muna
Uskayaw
Vehumet
Wu Jian
Xom
Yredelemnul
Zin
The Shining One
Jiyva

Shops:
D:1 :   D:5 :   D:8 *   D:15 =   Orc:1 [=[   Orc:2 [=??!   Elf:1 =:=:
Elf:3 ((   Vaults:3 [   Vaults:4 !*   Depths:1 *   Depths:2 =(

Portals:
Hell: Depths:1 Depths:2 Depths:3
Abyss: Depths:1 Depths:3 Depths:4
Pandemonium: Depths:2
Ziggurat: Depths:1

Annotations:
D:11 exclusion: downstairs
D:14 3 runed translucent doors, exclusion: downstairs, croobank's ghost, journeyman FeSu
Lair:1 2 transporters, Cistriuss's ghost, journeyman DgFi
Lair:5 3 runed translucent doors, justen's ghost, journeyman DrSh
Swamp:3 exclusion: 2 downstairs
Elf:2 5 runed translucent doors
Depths:2 1 runed translucent door, exclusion: downstairs, Ytsage's ghost, veteran GnWn
Depths:3 3 runed translucent doors, Boris
Depths:4 Vv
Zot:1 1 transporter
Zot:4 Tiamat


Innate Abilities, Weirdness & Mutations

You are a living statue of rough stone.
Your actions are slow, but your melee attacks are powerful.
You are resistant to unholy torment.
Your maximum health is greatly increased.
Your equipment is partially melded.
You are amphibious.
You are immune to poison.
((You cover ground slowly.))
You can hop long distances.
You have an extended range of vision and can be seen from far away.
You have a pair of small horns on your head.
You have supernaturally acute eyesight. (SInv)
Your mind is acute. (Int +4, Str/Dex -1)
Your body sometimes deteriorates upon taking damage.


Message History

You climb upwards.
A sixfirhy comes into view.
There is a stone staircase leading down here.
There is an escape hatch in the ceiling here.
A mysterious force pulls you upwards. The hatch slams shut behind you.
Aiming: Dig
Press: ? - help, Shift-Dir - straight line A rock wall.
This square is covered in magical glow.
The rock shatters into small pieces.
Aiming: Dig
Press: ? - help, Shift-Dir - straight line A rock wall.
This square is covered in magical glow.
The rock shatters into small pieces.
Your extra speed is starting to run out.
There is a stone staircase leading up here.
You feel yourself slow down.
You climb upwards.
There is a stone staircase leading down here.
Blink to where?
Press: ? - help, Dir - move target
As you read the scroll of blinking, it crumbles to dust.
You feel yourself speed up.
Blink to where?
Press: ? - help, Dir - move target
As you read the scroll of blinking, it crumbles to dust.
Blink to where?
Press: ? - help, Dir - move target
As you read the scroll of blinking, it crumbles to dust.
Blink to where?
Press: ? - help, Dir - move target
As you read the scroll of blinking, it crumbles to dust.
Blink to where?
Press: ? - help, Dir - move target
As you read the scroll of blinking, it crumbles to dust.
Blink to where?
Press: ? - help, Dir - move target
As you read the scroll of blinking, it crumbles to dust.
You have escaped!

......................# #.
.............§........# #.
......................# #.
..........#.#.........# #.
..........#.####'####.# #.
#...###...#.#....[..#.# ##
..........'.#.8.8.8.#.#
..........#.#.....§.#.#
........###.+.8.8.8.+.#
........###.#.......###
............#.8.8.8.#
...###......#.......#
............####'####
...............#.##.#
....)............##.#############
.................................
......###+.....####.#############


There were no monsters in sight!

Vanquished Creatures
  the Royal Jelly (Slime:5)
  A caustic shrike (Depths:1)
  Frederick (Depths:3)
  Margery (Vaults:3)
  A curse toe (Zot:5)
  Jory (Depths:3)
  2 golden dragons (Zot:5)
  A bone dragon (Depths:4)
  Arachne (Spider:4)
  Jorgrun (D:12)
  9 tentacled monstrosities
  2 liches
  Rupert (D:13)
  A walking crystal tome (Depths:3)
  8 Orb Guardians
  A titan (Vaults:4)
  2 deep elf master archers (Elf:3)
  A quicksilver dragon (Zot:2)
  2 deep elf blademasters (Elf:3)
  15 acid blobs
  2 death cobs (Zot:5)
  8 sphinxes
  Frances (D:13)
  Gastronok (Lair:3)
  Kirke (Spider:2)
  Donald (Spider:2)
  9 rockslimes
  A fenstrider witch (Swamp:2)
  2 tengu reavers
  2 storm dragons (Depths:1)
  6 shadow dragons
  3 draconian knights
  6 emperor scorpions
  6 deep elf sorcerers
  5 azure jellies
  A deep elf elementalist (Elf:3)
  8 fire giants
  2 iron dragons
  2 frost giants
  3 imperial myrmidons (Desolation)
  2 ghost moths (Spider:4)
  11 vault wardens
  A draconian shifter (Zot:1)
  2 orc warlords
  2 war gargoyles (Vaults:3)
  2 very ugly things (Depths:3)
  6 stone giants
  10 ironbound preservers
  A broodmother (Spider:4)
  2 vampire knights (Depths:3)
  7 deep elf demonologists
  5 formless jellyfish
  10 quicksilver oozes
  A black draconian (Depths:4)
  A purple draconian (Zot:5)
  5 eleionomae
  6 ironbound thunderhulks
  3 bunyips
  9 spark wasps
  4 white draconians
  Azrael (D:13)
  10 deep elf annihilators
  2 red draconians (Depths:4)
  A minotaur (Gauntlet)
  3 yellow draconians (Zot:1)
  5 dire elephants
  4 deep elf death magi (Elf:3)
  5 crystal guardians
  6 ettins
  Snorg (D:14)
  Josephine (D:12)
  4 fire dragons
  A blizzard demon (Zot:4)
  A merfolk javelineer (Depths:1)
  5 deep elf high priests
  3 shambling mangroves
  A rakshasa (D:15)
  3 ragged hierophants (Desolation)
  8 entropy weavers
  9 great orbs of eyes
  Fannar (Lair:3)
  9 yaktaur captains
  32 hydras
  8 ice dragons
  A hell beast (Zot:5)
  A vault guard (Vaults:4)
  8 servants of whispers (Desolation)
  5 catoblepae
  8 peacekeepers
  7 ironbound frosthearts
  2 centaur warriors (D:15)
  4 spriggan air magi
  9 ghost crabs
  5 alligators
  4 boulder beetles
  A jorogumo (Spider:1)
  4 radroaches
  19 dancing weapons
  4 ogre magi
  Erica (D:8)
  10 death yaks
  6 deep troll shamans
  5 demonic crawlers
  8 two-headed ogres
  4 vampire magi
  A deep troll earth mage (Vaults:4)
  A hell hog (Gauntlet)
  Urug (D:12)
  2 occultists
  12 hell knights
  9 spriggan berserkers
  10 deep elf knights
  4 orc high priests
  Sonja (D:12)
  5 iron trolls
  7 pharaoh ants
  4 skysharks
  4 goliath frogs
  5 fire crabs (D:11)
  3 sun moths
  4 spriggan druids
  2 death drakes
  A death drake (shapeshifter) (Depths:1)
  12 swamp dragons
  3 glowing orange brains
  An orb spider (shapeshifter) (Depths:3)
  5 deep elf archers
  37 deep trolls
  An obsidian statue (D:10)
  7 steelbarb worms
  7 bog bodies
  3 arcanists
  14 orb spiders
  25 ironbound convokers
  5 lindwurms
  10 orc knights
  3 harpies
  5 shining eyes
  14 deep elf zephyrmancers
  6 necromancers
  4 phantasmal warriors (Depths:3)
  15 ugly things
  17 deep elf pyromancers
  6 will-o-the-wisps
  A sphinx simulacrum (D:15)
  26 wolf spiders
  A salamander (D:15)
  3 orc sorcerers (Orc:2)
  6 manticores
  3 cyclopes
  5 elephants
  4 black mambas
  10 moths of wrath
  4 guardian serpents (Desolation)
  A toenail golem (D:15)
  2 water nymphs (Swamp:3)
  An ice statue (IceCv)
  16 vault sentinels
  An apocalypse crab (D:11)
  3 gargoyles
  A smoke demon (D:9)
  Psyche (D:8)
  6 torpor snails
  2 rime drakes
  2 unseen horrors
  12 ice devils (IceCv)
  2 kobold demonologists (D:11)
  16 cane toads
  A tengu conjurer (D:15)
  38 yaktaurs
  An efreet (D:13)
  10 komodo dragons
  4 freezing wraiths (IceCv)
  An anaconda simulacrum (IceCv)
  2 red devils
  13 trolls
  2 trolls (shapeshifter)
  6 polar bears
  6 meliai
  A meliai (shapeshifter) (D:13)
  22 hornets
  A queen bee (Spider:1)
  47 saltlings (Desolation)
  A bloated husk (Swamp:1)
  Grinder (D:3)
  9 tyrant leeches
  Prince Ribbit (D:8)
  10 blink frogs
  A hornet (shapeshifter) (D:13)
  21 tarantellas
  4 flying skulls (Gauntlet)
  40 slime creatures
  4 glass eyes
  A vampire (D:13)
  34 jumping spiders
  A jumping spider (shapeshifter) (D:13)
  Sigmund (D:4)
  A centaur simulacrum (D:14)
  14 wraiths
  4 air elementals
  A culicivora (shapeshifter) (D:10)
  22 culicivoras
  5 water elementals
  A yak (shapeshifter) (D:13)
  6 hogs (Spider:2)
  2 humans
  16 spriggans
  A shadow (D:8)
  54 yaks
  2 dire elephant simulacra (IceCv)
  2 fire bats (Gauntlet)
  52 redbacks
  8 wyverns
  6 golden eyes (Slime:2)
  2 death yak simulacra (IceCv)
  5 fire elementals
  5 vampire mosquitoes
  6 basilisks
  4 steam dragons
  A neqoxec (Depths:3)
  Menkaure (D:4)
  A harpy simulacrum (IceCv)
  5 wargs
  13 swamp worms
  A glowing shapeshifter zombie (Vaults:3)
  2 acid dragons
  15 water moccasins
  An ogre skeleton (Vaults:3)
  2 hydra simulacra (IceCv)
  A spectral polar bear (Lair:2)
  2 hell hounds
  10 swamp drakes
  35 orc warriors
  6 ice beasts
  A spectral blink frog (Lair:2)
  3 black bears
  A spectral rime drake (Lair:2)
  4 boggarts (D:15)
  4 sky beasts
  19 wolves
  8 centaurs
  A centaur (shapeshifter) (Depths:1)
  9 ogres
  11 kobold brigands
  A human zombie (Vaults:3)
  An earth elemental (Elf:2)
  7 scorpions
  6 bullfrogs
  3 cane toad simulacra (IceCv)
  A gnoll sergeant (D:8)
  A two-headed ogre simulacrum (IceCv)
  8 wights
  19 killer bees
  3 elephant simulacra (IceCv)
  10 howler monkeys
  9 electric eels
  3 jellies
  A gnoll bouda (D:4)
  20 orc priests
  Crazy Yiuf (D:3)
  6 hounds
  7 iguanas
  24 orc wizards
  4 polar bear simulacra (IceCv)
  8 wolf simulacra (IceCv)
  9 gnolls
  12 adders
  3 naga simulacra (IceCv)
  4 white imps
  5 ufetubi
  6 worms
  2 dart slugs (D:1)
  77 orcs
  15 bats
  7 endoplasms
  3 giant cockroaches
  8 goblins
  7 hobgoblins
  22 kobolds
  2 quokkas
  8 ball pythons
  3 frilled lizards
  5 rats
1859 creatures vanquished.

Vanquished Creatures (collateral kills)
  A tarantella (Spider:3)
1 creature vanquished.

Vanquished Creatures (others)
  A deep elf elementalist (Elf:3)
  A steelbarb worm (Spider:3)
  A deep elf zephyrmancer (Elf:2)
  A deep elf pyromancer (Elf:1)
  A will-o-the-wisp (Swamp:3)
  A bloated husk (Swamp:3)
  A tarantella (Spider:3)
  A redback (Spider:4)
  A swamp worm (Swamp:1)
  2 kobolds (D:6)
  46 foxfires
57 creatures vanquished.

Grand Total: 1917 creatures vanquished

Notes
Turn   | Place    | Note
-------+----------+-------------------------------------------
     0 | D:1      | Monkooky the Barachi Shapeshifter began the quest for the
                  | Orb.
     0 | D:1      | Reached XP level 1. HP: 15/15 MP: 1/1
   195 | D:1      | Reached skill level 2 in Fighting
   195 | D:1      | Reached XP level 2. HP: 22/22 MP: 2/2
   331 | D:1      | Reached XP level 3. HP: 28/28 MP: 3/3
   413 | D:1      | Found Pexaapseapt's Book Boutique.
   896 | D:2      | Reached skill level 3 in Fighting
  1188 | D:2      | Reached XP level 4. HP: 32/35 MP: 4/4
  1281 | D:2      | Found a faded altar of an unknown god.
  1501 | D:3      | Found a shimmering blue altar of Sif Muna.
  1579 | D:3      | Noticed Grinder
  1600 | D:3      | Killed Grinder
  1601 | D:3      | Reached skill level 5 in Fighting
  1601 | D:3      | Reached skill level 5 in Unarmed Combat
  1601 | D:3      | Reached XP level 5. HP: 26/44 MP: 5/5
  1601 | D:3      | Reached XP level 6. HP: 30/51 MP: 6/6
  2334 | D:3      | Found a runed translucent door.
  2335 | D:3      | Noticed Crazy Yiuf
  2467 | D:3      | Found a shadowy altar of Dithmenos.
  2467 | D:3      | Found a glowing silver altar of Zin.
  2737 | D:4      | Noticed Menkaure
  2743 | D:4      | Killed Menkaure
  2744 | D:4      | Reached skill level 6 in Fighting
  2744 | D:4      | Reached XP level 7. HP: 58/58 MP: 7/7
  3046 | D:4      | Noticed Sigmund
  3084 | D:4      | Killed Sigmund
  3541 | D:4      | Found a staircase to the Ecumenical Temple.
  3545 | D:4      | You fall into a shaft and drop 2 floors!
  3553 | D:6      | Identified the +1 ring mail "Meoma" {rElec rF+ Int+3}
  3655 | D:6      | Found a stormy altar of Qazlal.
  3656 | D:6      | Found an iron altar of Okawaru.
  3659 | D:6      | Found a snail-covered altar of Cheibriados.
  3660 | D:6      | Found a shimmering altar of Xom.
  3660 | D:6      | Found an opulent altar of Gozag.
  3689 | D:6      | an acid dragon changed into a wyvern
  3689 | D:6      | Noticed a wyvern
  3699 | D:6      | Killed a wyvern
  3700 | D:6      | Reached skill level 7 in Fighting
  3700 | D:6      | Reached XP level 8. HP: 12/67 MP: 8/8
  3700 | D:6      | Reached skill level 11 in Fighting
  3700 | D:6      | Reached XP level 9. HP: 15/81 MP: 9/9
  3934 | D:6      | Identified the +3 ring mail "Uczu" {rElec Str+2 Dex+5}
  3974 | D:6      | Found a glowing golden altar of the Shining One.
  3982 | D:6      | Became a worshipper of Warmaster Okawaru
  4112 | D:5      | Entered Level 5 of the Dungeon
  4112 | D:5      | Found the +4 robe of Augmentation {Str+4 Int+4 Dex+4}
  4160 | D:5      | Found Emeeme's Self-Published Books.
  4501 | D:5      | Noticed a +0 spear
  4502 | D:5      | Noticed a +0 dagger
  4503 | D:5      | Noticed a +0 short sword
  4504 | D:5      | Noticed a +0 dagger
  4505 | D:5      | Noticed a +0 falchion
  4505 | D:5      | Noticed a +0 spear
  4506 | D:5      | Noticed a +0 falchion
  4506 | D:5      | Noticed a +0 short sword
  4555 | D:5      | Found a hide-covered altar of Uskayaw.
  4838 | D:5      | Reached * piety under Okawaru
  4839 | D:5      | Reached skill level 5 in Shapeshifting
  5766 | D:6      | Reached XP level 10. HP: 55/88 MP: 10/10
  5984 | D:6      | Reached ** piety under Okawaru
  6651 | D:3      | Killed Crazy Yiuf
  6652 | D:3      | Reached skill level 1 in Armour
  6963 | D:7      | Reached skill level 1 in Invocations
  6982 | D:7      | Found a blossoming altar of Fedhas.
  7219 | D:7      | Noticed an unseen horror
  7225 | D:7      | Killed an unseen horror
  7225 | D:7      | Reached *** piety under Okawaru
  7469 | D:8      | Found Liegigut's Assorted Antiques.
  7474 | D:8      | Bought a scroll labelled LYEDOR HEJIHIV for 27 gold pieces
  7515 | D:8      | Noticed a two-headed ogre
  7523 | D:8      | Killed a two-headed ogre
  7548 | D:8      | Reached **** piety under Okawaru
  7590 | D:8      | Noticed a seven-headed hydra
  7594 | D:8      | Noticed an unseen horror
  7594 | D:8      | Noticed a manticore
  7601 | D:8      | Killed a seven-headed hydra
  7602 | D:8      | Reached skill level 5 in Invocations
  7602 | D:8      | Reached XP level 11. HP: 84/93 MP: 11/15
  7618 | D:8      | Killed a manticore
  7750 | D:8      | Noticed Prince Ribbit
  7759 | D:8      | Killed Prince Ribbit
  7818 | D:8      | Noticed Psyche
  7829 | D:8      | Killed Psyche
  7907 | D:8      | Noticed Erica
  7911 | D:8      | Reached ***** piety under Okawaru
  7988 | D:8      | Killed Erica
  8245 | D:8      | Reached skill level 12 in Fighting
  8646 | D:9      | Received a gift from Okawaru
  8700 | D:9      | Noticed a two-headed ogre
  8706 | D:9      | Killed a two-headed ogre
  8707 | D:9      | Reached skill level 5 in Dodging
  8784 | D:9      | Found a staircase to the Orcish Mines.
  8863 | D:9      | Found a flagged portal.
  8922 | Bailey   | Entered a bailey
  8961 | Bailey   | Reached skill level 1 in Evocations
  9018 | Bailey   | Identified the +0 chain mail "Muuke" {Str+4 Dex+3}
  9103 | Bailey   | Reached XP level 12. HP: 92/102 MP: 16/16
  9118 | Bailey   | Identified the +3 war axe "Noadelabb" {freeze, Fragile Fly
                  | rCorr}
  9121 | Bailey   | Found a burning altar of Makhleb.
  9235 | D:9      | Found an ornate altar of the Wu Jian Council.
  9567 | D:9      | Reached skill level 5 in Evocations
  9662 | D:9      | Noticed a two-headed ogre
  9671 | D:9      | Killed a two-headed ogre
  9671 | D:9      | Received a gift from Okawaru
  9762 | D:9      | Found a radiant altar of Vehumet.
  9834 | D:9      | Found a basalt altar of Yredelemnul.
  9961 | D:10     | Entered Level 10 of the Dungeon
 10074 | D:10     | Noticed an occultist
 10083 | D:10     | Killed an occultist
 10090 | D:10     | Identified the +5 arbalest of Valiance {drain, rN+}
 10437 | D:10     | Reached ****** piety under Okawaru
 10438 | D:10     | Reached skill level 13 in Fighting
 10438 | D:10     | Acquired the +6 plate armour of Calculation {rF+ Slay+4}
 10438 | D:10     | Received a gift from Okawaru
 11123 | D:10     | Received a gift from Okawaru
 11124 | D:10     | Identified the ring of Myhynk {Fire Will+ Int+3}
 11133 | D:10     | Identified the +6 quarterstaff of Tuono {flame, Fragile
                  | rPois rN+++}
 11386 | D:11     | Noticed a boulder beetle
 11407 | D:11     | Killed a boulder beetle
 11408 | D:11     | Reached skill level 5 in Armour
 11450 | D:11     | Gained mutation: You can hop long distances. [Barachi
                  | growth]
 11450 | D:11     | Reached XP level 13. HP: 94/112 MP: 17/17
 11589 | D:11     | Found a staircase to the Lair.
 11928 | D:11     | Found a runed translucent door.
 12038 | D:11     | Received a gift from Okawaru
 12076 | D:11     | Noticed an entropy weaver
 12093 | D:11     | Killed an entropy weaver
 12283 | D:11     | Noticed an entropy weaver
 12287 | D:11     | Killed an entropy weaver
 12292 | D:11     | Received a gift from Okawaru
 12416 | Gauntlet | Identified the of Kudwodosi
 12416 | Lair:1   | Entered Level 1 of the Lair of Beasts
 12834 | Lair:1   | Reached skill level 10 in Invocations
 13003 | Lair:1   | Noticed Cistriuss's ghost (journeyman DgFi)
 13073 | Lair:1   | Found a transporter.
 13073 | Lair:1   | Found a transporter.
 13265 | Lair:1   | Found a runed translucent door.
 13498 | Lair:2   | Reached skill level 14 in Fighting
 13502 | Lair:2   | Received a gift from Okawaru
 13564 | Lair:2   | Reached XP level 14. HP: 113/120 MP: 22/22
 14074 | Lair:2   | Found a staircase to the Swamp.
 14449 | Lair:3   | Noticed Gastronok
 14521 | Lair:3   | Killed Gastronok
 14572 | Lair:3   | Found a hole to the Spider Nest.
 14593 | Lair:3   | Noticed Fannar
 14635 | Lair:3   | Killed Fannar
 14636 | Lair:3   | Reached skill level 15 in Unarmed Combat
 14867 | Lair:3   | Received a gift from Okawaru
 14868 | Lair:3   | Reached skill level 15 in Fighting
 15780 | Lair:4   | Received a gift from Okawaru
 15858 | Lair:4   | Found a staircase to the Slime Pits.
 16322 | Lair:5   | Entered Level 5 of the Lair of Beasts
 16664 | Lair:5   | Received a gift from Okawaru
 16761 | Lair:5   | Reached XP level 15. HP: 129/129 MP: 23/23
 16911 | Lair:5   | Reached skill level 10 in Dodging
 16972 | Lair:5   | Found a runed translucent gate.
 16973 | Lair:5   | Found a runed translucent gate.
 16974 | Lair:5   | Found a runed translucent gate.
 16976 | Lair:5   | Identified a scroll of acquirement
 16977 | Lair:5   | Acquired the ring of Zan Pabb {rF+ rN++ Will+ Int-2 SInv}
 16986 | Lair:5   | Found the +9 sword of Power {lifebolt}
 16987 | Lair:5   | Noticed justen's ghost (journeyman DrSh)
 17173 | Lair:5   | Reached skill level 1 in Throwing
 17327 | Lair:5   | Received a gift from Okawaru
 17897 | D:12     | Noticed Jorgrun
 17920 | D:12     | Reached skill level 5 in Throwing
 17930 | D:12     | Killed Jorgrun
 18005 | D:12     | Noticed Urug
 18018 | D:12     | Killed Urug
 18060 | D:12     | Found a gate leading to a gauntlet.
 18076 | Gauntlet | Entered a Gauntlet
 18076 | Gauntlet | Found a transporter.
 18090 | Gauntlet | Found a transporter.
 18091 | Gauntlet | Found a transporter.
 18091 | Gauntlet | Found a transporter.
 18099 | Gauntlet | Found a transporter.
 18103 | Gauntlet | Found a transporter.
 18104 | Gauntlet | Found a transporter.
 18115 | Gauntlet | Found a transporter.
 18116 | Gauntlet | Found a transporter.
 18121 | Gauntlet | Found a transporter.
 18125 | Gauntlet | Found a transporter.
 18127 | Gauntlet | Found a transporter.
 18128 | Gauntlet | Found a transporter.
 18143 | Gauntlet | Found a transporter.
 18304 | Gauntlet | Received a gift from Okawaru
 18990 | D:12     | Noticed Sonja
 18994 | D:12     | Killed Sonja
 19185 | Orc:1    | Entered Level 1 of the Orcish Mines
 19185 | Orc:1    | Found Heasai's Jewellery Shop.
 19189 | Orc:1    | Found Quisifucsa's Armour Shoppe.
 19613 | Orc:1    | Found Ratrab's Antique Armour Boutique.
 19680 | Orc:1    | Bought a transparent scale mail for 234 gold pieces
 19680 | Orc:1    | Identified the +0 scale mail of Shielding {*Slow rPois
                  | SInv} (You bought it in a shop on level 1 of the Orcish
                  | Mines)
 19926 | IceCv    | Identified the of Ixouvall
 19926 | Orc:2    | Entered Level 2 of the Orcish Mines
 20146 | Orc:2    | Found a staircase to the Elven Halls.
 20188 | Orc:2    | Received a gift from Okawaru
 20194 | Orc:2    | Found a frozen archway.
 20208 | IceCv    | Entered an ice cave
 20340 | IceCv    | Found an ancient bone altar of Kikubaaqudgha.
 20480 | IceCv    | Reached skill level 10 in Throwing
 20613 | IceCv    | Reached XP level 16. HP: 136/136 MP: 24/24
 20844 | IceCv    | Reached skill level 1 in Shields
 21163 | Orc:2    | Received a gift from Okawaru
 21164 | Orc:2    | Reached skill level 5 in Shields
 21337 | Orc:2    | Found Wijinafo's Jewellery Shoppe.
 21337 | Orc:2    | Found Peef's Distillery.
 21338 | Orc:2    | Found Zurick's Magic Scroll Shoppe.
 21338 | Orc:2    | Found Satuuti's Magic Scroll Boutique.
 21351 | Orc:2    | Bought a scroll of blinking for 97 gold pieces
 21351 | Orc:2    | Bought a scroll of blinking for 97 gold pieces
 21351 | Orc:2    | Bought a scroll of revelation for 97 gold pieces
 21352 | Orc:2    | Bought a scroll of blinking for 120 gold pieces
 21352 | Orc:2    | Bought a scroll of teleportation for 48 gold pieces
 21354 | Orc:2    | Bought a potion of curing for 48 gold pieces
 21354 | Orc:2    | Bought a potion of cancellation for 128 gold pieces
 21354 | Orc:2    | Bought a potion of haste for 160 gold pieces
 21354 | Orc:2    | Bought a potion of mutation for 128 gold pieces
 21354 | Orc:2    | Bought a potion of curing for 48 gold pieces
 21354 | Orc:2    | Bought a potion of curing for 48 gold pieces
 21446 | Orc:2    | Found Uhosh's Antique Armour Shop.
 21456 | Orc:2    | Bought a pair of runed gloves for 270 gold pieces
 21697 | D:12     | Noticed Josephine
 21706 | D:12     | Killed Josephine
 21839 | D:13     | Noticed Frances
 21857 | D:13     | Killed Frances
 22131 | D:13     | Noticed Rupert
 22141 | D:13     | Killed Rupert
 22300 | D:13     | Received a gift from Okawaru
 22308 | D:13     | Noticed Azrael
 22314 | D:13     | Killed Azrael
 22484 | D:14     | Noticed Snorg
 22494 | D:14     | Killed Snorg
 22621 | D:14     | Found a runed translucent gate.
 22621 | D:14     | Found a runed translucent gate.
 22622 | D:14     | Noticed croobank's ghost (journeyman FeSu)
 22622 | D:14     | Found a runed translucent gate.
 22625 | D:14     | Identified the +1 chain mail "Fyqoti" {rC+ Slay+3 SInv}
 22625 | D:14     | Identified the ring "Wemp" {rF+ Dex+6}
 22751 | D:14     | Found a broken altar of Ashenzari.
 22756 | D:14     | Found a gate to the Vaults.
 22757 | D:14     | Paralysed by an ogre mage for 5 turns
 22775 | D:14     | Reached skill level 10 in Armour
 22937 | D:15     | Entered Level 15 of the Dungeon
 22955 | D:15     | Identified the +4 longbow "Vosoxty" {heavy, rF+ rC+}
 23195 | D:15     | Received a gift from Okawaru
 23351 | D:15     | Found Isivaitu's Jewellery Boutique.
 23362 | D:15     | Bought a +5 ring of evasion for 504 gold pieces
 23543 | D:15     | Identified the +6 rapier of Midsummer {flame, rElec Stlth+}
 23903 | D:15     | Received a gift from Okawaru
 23973 | D:15     | Found a staircase to the Depths.
 24152 | Swamp:1  | Entered Level 1 of the Swamp
 24547 | Swamp:1  | Received a gift from Okawaru
 24548 | Swamp:1  | Reached XP level 17. HP: 142/142 MP: 25/25
 25223 | Orc:1    | Bought a ring of poison resistance for 240 gold pieces
 25619 | Swamp:2  | Reached skill level 16 in Fighting
 25975 | Swamp:3  | Received a gift from Okawaru
 26907 | Swamp:3  | Received a gift from Okawaru
 27212 | Spider:1 | Entered Level 1 of the Spider Nest
 27845 | Spider:1 | You fall into a shaft and drop 1 floor!
 28637 | Spider:1 | Reached XP level 18. HP: 153/153 MP: 26/26
 28867 | Spider:2 | Received a gift from Okawaru
 29147 | Spider:2 | Noticed Kirke
 29169 | Spider:2 | Killed Kirke
 29547 | Spider:2 | Identified the +0 pair of boots of Golden Wonder {Str+3}
 29605 | Spider:2 | Noticed Donald
 29611 | Spider:2 | Killed Donald
 30240 | Spider:3 | Received a gift from Okawaru
 30875 | Spider:4 | Entered Level 4 of the Spider Nest
 31246 | Spider:4 | Reached skill level 17 in Fighting
 31635 | Spider:3 | Upgraded the game from 0.31-a0-949-g57150269e1 to
                  | 0.31-a0-965-g8a8ce12e04
 31664 | Spider:4 | Received a gift from Okawaru
 31733 | Spider:4 | Noticed Arachne
 31769 | Spider:4 | Killed Arachne
 32354 | Spider:4 | Received a gift from Okawaru
 32449 | Spider:4 | Reached skill level 15 in Armour
 32805 | Spider:4 | Got a gossamer rune of Zot
 33152 | Swamp:4  | Entered Level 4 of the Swamp
 33253 | Swamp:4  | Reached XP level 19. HP: 156/161 MP: 27/27
 33442 | Swamp:4  | Identified the +6 spear of Somewhere Else {heavy, Int+2}
 33536 | Swamp:4  | Received a gift from Okawaru
 34079 | Swamp:4  | Reached skill level 18 in Fighting
 34562 | Swamp:4  | Got a decaying rune of Zot
 34929 | Vaults:4 | Identified the "Ruigyfed"
 34929 | Vaults:5 | Identified the "Guit"
 34929 | Crypt:3  | Identified the "Sageguuc"
 34929 | Crypt:3  | Identified the of Gion
 34929 | Depths:1 | Identified the of Pitogol
 34929 | Depths:3 | Identified the of Jadgh
 34929 | Depths:3 | Identified the "Keneeg"
 34929 | Desolati | Identified the of Aloy
 34929 | Desolati | Identified the of Qustuzxit
 34929 | Desolati | Identified the "Ludik"
 34929 | Desolati | Identified the "Piyxkoxe"
 34929 | Elf:1    | Entered Level 1 of the Elven Halls
 35031 | Elf:1    | Paralysed by an air elemental for 1 turns
 35100 | Elf:1    | Found a crumbling gateway.
 35136 | Desolati | Entered the Desolation of Salt
 35169 | Desolati | Received a gift from Okawaru
 35433 | Desolati | Identified the +8 whip of the King {venom, rF+ rC+}
 35682 | Desolati | Reached skill level 19 in Fighting
 35707 | Desolati | Identified the ring "Vodghim" {rElec rF+ Dex+2}
 35714 | Desolati | Identified the ring "Caghaem" {+Blink rPois Will++}
 35717 | Desolati | Received a gift from Okawaru
 35863 | Desolati | Identified the +2 rapier "Conaodgh" {heavy, Will+}
 36516 | Elf:1    | Reached skill level 15 in Throwing
 36586 | Elf:1    | Reached XP level 20. HP: 149/174 MP: 28/28
 36716 | Elf:1    | Found Vathrulu's Book Shoppe.
 37000 | Elf:1    | Found Tapic's Jewellery Shoppe.
 37000 | Elf:1    | Found Asiedefuapp's Book Shop.
 37001 | Elf:1    | Found Kophet's Jewellery Shoppe.
 37182 | Elf:1    | Bought a granite talisman for 960 gold pieces
 37499 | Elf:2    | Paralysed by an air elemental for 1 turns
 37813 | Elf:2    | Found a huge runed translucent gate.
 37813 | Elf:2    | Found a huge runed translucent gate.
 37814 | Elf:2    | Found a huge runed translucent gate.
 37816 | Elf:2    | Found a huge runed translucent gate.
 37819 | Elf:2    | Found a huge runed translucent gate.
 38021 | Elf:3    | Identified the "Fenoext"
 38021 | Elf:3    | Entered Level 3 of the Elven Halls
 38026 | Elf:3    | Found Jysesy's General Store.
 38053 | Elf:3    | Found Solionlo's Weapon Boutique.
 38088 | Elf:3    | Reached skill level 10 in Shapeshifting
 38317 | Elf:3    | Found a runed translucent gate.
 38317 | Elf:3    | Found a runed translucent gate.
 38317 | Elf:3    | Found a runed translucent gate.
 38338 | Elf:3    | Received a gift from Okawaru
 38358 | Elf:3    | Found a radiant altar of Vehumet.
 38403 | Elf:3    | Found Jitojoxo's Weapon Emporium.
 38861 | Elf:3    | Identified the amulet "Xaullyffi" {RegenMP Harm rPois rCorr
                  | Dex-5}
 38862 | Elf:3    | Identified the +1 hand axe of Contradiction {freeze, rCorr
                  | Str-5 Dex+4 Stlth+}
 38884 | Elf:3    | Identified the ring of Wonder {rC+ rCorr}
 38998 | Elf:3    | Paralysed by an air elemental for 1 turns
 39002 | Elf:3    | Paralysed by an air elemental for 1 turns
 39126 | Elf:3    | Received a gift from Okawaru
 39151 | Elf:3    | Identified the +3 leather armour of Zin's Benevolence
                  | {Stlth+}
 39283 | Elf:3    | Identified the +8 flail of the Gazing Hero {venom, rCorr
                  | Str-4 Int+3 Dex+5}
 39283 | Elf:3    | Identified the +1 war axe of Generosity {heavy, Int+6}
 39389 | Elf:3    | Identified the +3 scale mail of Pan-Flutes {rPois rC-
                  | Str+4}
 40353 | Vaults:1 | Entered Level 1 of the Vaults
 41155 | Vaults:1 | Reached XP level 21. HP: 180/180 MP: 29/29
 41179 | Vaults:1 | Received a gift from Okawaru
 42519 | Elf:1    | Bought an Inescapable Atlas for 272 gold pieces
 42524 | Elf:1    | Learned a level 4 spell: Manifold Assault
 42527 | Elf:1    | Learned a level 2 spell: Blink
 42957 | Vaults:2 | Reached skill level 1 in Translocations
 43068 | Vaults:2 | Reached skill level 1 in Spellcasting
 43187 | Vaults:2 | Received a gift from Okawaru
 44049 | Vaults:3 | Noticed Margery
 44057 | Vaults:3 | Killed Margery
 44077 | Vaults:3 | Reached skill level 5 in Translocations
 44276 | Vaults:4 | Found Vumub's Assorted Antiques.
 44521 | Vaults:3 | Received a gift from Okawaru
 44903 | Vaults:3 | Found Jeuzir's Antique Armour Boutique.
 45394 | Vaults:3 | Received a gift from Okawaru
 45527 | Vaults:3 | Found a staircase to the Crypt.
 45527 | Vaults:3 | Found a basalt altar of Yredelemnul.
 45528 | Vaults:3 | Found an ancient bone altar of Kikubaaqudgha.
 46369 | Vaults:4 | Reached XP level 22. HP: 118/186 MP: 30/30
 46484 | Vaults:4 | Reached skill level 15 in Shapeshifting
 46498 | Vaults:4 | Received a gift from Okawaru
 46701 | Arena    | Entered the Arena
 47105 | Vaults:4 | Learned a level 3 spell: Ozocubu's Armour
 47185 | Vaults:4 | Found Xuxto's Distillery.
 47191 | Vaults:4 | Bought a potion of heal wounds for 60 gold pieces
 47191 | Vaults:4 | Bought a potion of attraction for 36 gold pieces
 47191 | Vaults:4 | Bought a potion of might for 48 gold pieces
 47191 | Vaults:4 | Bought a potion of berserk rage for 60 gold pieces
 47643 | Depths:1 | Entered Level 1 of the Depths
 47756 | Depths:1 | Found a one-way gateway to a ziggurat.
 47949 | Depths:1 | Received a gift from Okawaru
 48215 | Depths:1 | Noticed a caustic shrike
 48227 | Depths:1 | Killed a caustic shrike
 48341 | Depths:1 | Found a gateway to Hell.
 48348 | Depths:1 | Found a one-way gate to the infinite horrors of the Abyss.
 48374 | Depths:1 | Found Lopni's CLEARANCE SALE!.
 48874 | Depths:1 | Learned a level 4 spell: Passage of Golubria
 48876 | Depths:1 | Learned a level 1 spell: Apportation
 48876 | Depths:1 | Acquired the orb "Hero's Friend" {*channel, Fly rPois Str+5
                  | Stlth+}
 48877 | Depths:1 | Acquired a manual of Shields
 48934 | Depths:2 | Found Jekhen's Antique Weapon Shop.
 48977 | Depths:2 | Reached skill level 1 in Ice Magic
 49101 | Depths:2 | Found Paphal's Jewellery Emporium.
 49253 | Depths:2 | Reached skill level 5 in Ice Magic
 49303 | Depths:2 | Paralysed by a sphinx for 5 turns
 49357 | Depths:2 | Found a one-way gate leading to the halls of Pandemonium.
 49519 | Depths:2 | Found a runed translucent door.
 49520 | Depths:2 | Found a shimmering altar of Xom.
 49520 | Depths:2 | Noticed Ytsage's ghost (veteran GnWn)
 49520 | Depths:2 | Identified the +11 scimitar of Patience {chaos, SInv}
 50053 | Depths:3 | Received a gift from Okawaru
 50066 | Depths:3 | Noticed Frederick
 50084 | Depths:3 | Killed Frederick
 50191 | Depths:3 | Reached skill level 10 in Ice Magic
 50216 | Depths:3 | Noticed Boris
 50296 | Depths:3 | Reached skill level 1 in Stealth
 50633 | Slime:1  | Entered Level 1 of the Pits of Slime
 50640 | Slime:1  | Reached skill level 10 in Translocations
 50643 | Slime:1  | Gained mutation: You occasionally lose the ability to read
                  | scrolls when taking damage. [a shining eye]
 50953 | Slime:3  | Reached XP level 23. HP: 144/194 MP: 24/31
 51312 | Slime:5  | Identified the "Galeorur"
 51312 | Slime:5  | Entered Level 5 of the Pits of Slime
 51325 | Slime:4  | Received a gift from Okawaru
 51665 | Slime:5  | Gained mutation: You are vulnerable to heat. (rF-) [a
                  | shining eye]
 51667 | Slime:5  | Gained mutation: Your body sometimes deteriorates upon
                  | taking damage. [a shining eye]
 51669 | Slime:5  | Gained mutation: Your body often deteriorates upon taking
                  | damage. [a shining eye]
 51671 | Slime:5  | Lost mutation: You are vulnerable to heat. (rF-) [potion of
                  | mutation]
 51671 | Slime:5  | Lost mutation: You occasionally lose the ability to read
                  | scrolls when taking damage. [potion of mutation]
 51671 | Slime:5  | Lost mutation: Your body often deteriorates upon taking
                  | damage. [potion of mutation]
 51671 | Slime:5  | Gained mutation: You have supernaturally acute eyesight.
                  | (SInv) [potion of mutation]
 51671 | Slime:5  | Gained mutation: Your mind is acute. (Int +4, Str/Dex -1)
                  | [potion of mutation]
 51671 | Slime:5  | Gained mutation: You have a pair of small horns on your
                  | head. [potion of mutation]
 51906 | D:8      | Bought the +3 crown of Dyrovepreva {rElec Int+2 SInv} for
                  | 1117 gold pieces
 51906 | D:8      | Found the +3 crown of Dyrovepreva {rElec Int+2 SInv}
 52193 | Slime:5  | Paralysed by a formless jellyfish for 1 turns
 52206 | Slime:5  | Reached skill level 5 in Spellcasting
 52281 | Slime:5  | Found a viscous altar of Jiyva.
 52281 | Slime:5  | Found the +5 demon whip "Spellbinder" {antimagic, disrupt,
                  | Will+}
 52282 | Slime:5  | Noticed the Royal Jelly
 52296 | Slime:5  | Killed the Royal Jelly
 52380 | Slime:5  | Identified the +10 arbalest of the Thirteen Moons {flame,
                  | Fragile rElec Dex+4 Stlth+}
 52419 | Slime:5  | Identified the +1 robe "Xeckef" {Rampage rElec rCorr}
 52424 | Slime:5  | Identified the granite talisman of the Present {rC+ Will+
                  | Dex+7}
 52442 | Slime:5  | Got a slimy rune of Zot
 52450 | Slime:5  | Identified the +4 pair of gloves of Action {*Slow rPois
                  | Dex+4 SInv}
 52461 | Slime:5  | Identified the +9 trident of Wu Jian's Vengeance {flame,
                  | rElec rC+ Dex-2}
 52468 | Slime:5  | Identified the amulet of Fyhetaan {Reflect MP+9 SH+5}
 52482 | Slime:5  | Upgraded the game from 0.31-a0-965-g8a8ce12e04 to
                  | 0.31-a0-968-g24f9ace8b5
 52759 | D:15     | Learned a level 7 spell: Ozocubu's Refrigeration
 52813 | Depths:3 | Found a runed translucent gate.
 52813 | Depths:3 | Found a runed translucent gate.
 52886 | Depths:3 | Found a runed translucent gate.
 52963 | Depths:3 | Noticed Jory
 52986 | Depths:3 | Killed Jory
 53392 | Depths:3 | Found an ancient bone altar of Kikubaaqudgha.
 53469 | Depths:3 | Received a gift from Okawaru
 53810 | Depths:3 | Reached skill level 10 in Shields
 53992 | Depths:3 | Identified the +12 short sword of Fragile Peace {antimagic,
                  | rCorr Str+3 Dex+3}
 54292 | Depths:4 | Entered Level 4 of the Depths
 56394 | Depths:4 | Received a gift from Okawaru
 56557 | Depths:4 | Found a basalt altar of Yredelemnul.
 56568 | Depths:4 | Found a gate to the Realm of Zot.
 56979 | Depths:4 | Found a portal to a secret trove of treasure.
 57063 | Depths:4 | Noticed Vv
 57864 | Depths:3 | Reached XP level 24. HP: 203/203 MP: 22/33
 57920 | Depths:4 | You paid a toll of a +8 demon blade to enter a treasure
                  | trove
 57921 | Trove    | Identified the "Onar" (Sif Muna gifted it to you in a
                  | treasure trove)
 57921 | Trove    | Identified the "Kiononib" (Sif Muna gifted it to you in a
                  | treasure trove)
 57921 | Trove    | Entered a treasure trove
 57978 | Trove    | Identified the amulet "Uteg" {Spirit Will- Regen+ SInv}
 57979 | Trove    | Identified the amulet "Qopsevao" {Fly Regen+ SInv}
 57981 | Trove    | Identified the amulet of Patience {Rampage Regen+}
 57982 | Trove    | Reached skill level 20 in Fighting
 57982 | Trove    | Reached XP level 25. HP: 212/212 MP: 33/33
 58056 | Zot:1    | Entered Level 1 of the Realm of Zot
 58057 | Zot:1    | Found a transporter.
 58208 | Zot:2    | Noticed an orb of fire
 58270 | Zot:4    | Found the +4 dragonskin cloak
 58270 | Zot:4    | Noticed Tiamat
 58363 | Zot:5    | Entered Level 5 of the Realm of Zot
 58366 | Zot:5    | Reached skill level 21 in Fighting
 58937 | Zot:5    | Received a gift from Okawaru
 59164 | Zot:5    | Noticed an ancient lich
 59167 | Zot:5    | Noticed an ancient lich
 59167 | Zot:5    | Noticed an orb of fire
 59168 | Zot:5    | Noticed an ancient lich
 59168 | Zot:5    | Noticed a Killer Klown
 59168 | Zot:5    | Noticed a Killer Klown
 59168 | Zot:5    | Noticed a Killer Klown
 59168 | Zot:5    | Noticed a Killer Klown
 59172 | Zot:5    | Got the Orb of Zot
 59174 | Zot:5    | Noticed an orb of fire
 59174 | Zot:5    | Noticed a Killer Klown
 59174 | Zot:5    | Noticed a Killer Klown
 59175 | Zot:5    | Noticed an ancient lich
 59373 | Depths:4 | Noticed Wahuloh the pandemonium lord
 59641 | D:7      | Noticed Ixashesu the pandemonium lord
 59731 | D:$      | Escaped with the Orb!

Illustrated notes

Levels and vault maps discovered:
D:1:      doesnt_arrival_eight_statues, layout_basic, serial_shops, shop
D:2:      layout_loops_ring, chequers_ecumenical_altar_island, st_stairs_9
D:3:      layout_loops_ring, nicolae_sif_muna_condensation,
          gammafunk_temple_overflow_wave, uniq_crazy_yiuf_cottage, uniq_grinder
D:4:      layout_loops_cross, minmay_temple_entry_arrows, uniq_menkaure,
          uniq_sigmund
D:5:      old_forge, layout_layer_cave, nicolae_uskayaw_en_pointe,
          minmay_fountain_box, nicolae_custom_books
D:6:      layout_basic, grunt_temple_overflow_open, minmay_joined_circles
D:7:      layout_rooms, fedhas_altar_2, dreamdust_princess_bridge
D:8:      minmay_clustersquares, layout_basic, serial_shops, shop,
          minmay_the_grid_2x2 [minmay_the_grid_plusring,
          minmay_the_grid_pillar_ring, minmay_the_grid_expand,
          minmay_the_grid_prize_four_corners_diamond_a], uniq_psyche,
          uniq_erica, uniq_prince_ribbit1
D:9:      layout_loops_ring, mainiacjoe_overflow_paths, marbit_many_paths,
          amcnicky_altar_gilded, hiddenorc1_lemuel, enter_bailey_8,
          supply_closet_lemuel
D:10:     hangedman_cross_cluster, layout_loops_ring, minivault_15
D:11:     gammafunk_mikee_crab_dinner, layout_gridville,
          hellmonk_lair_entry_icy, kennysheep_generic_room_5
D:12:     layout_small_grid, gauntlet_entry_generic, uniq_josephine, uniq_urug,
          uniq_jorgrun, uniq_sonja
D:13:     layout_roguey, uniq_rupert, uniq_azrael, uniq_frances
D:14:     layout_rooms, david_vaults_2, ashenzari_altar_1,
          biasface_ghost_orc_armoury, uniq_snorg
D:15:     hangedman_depths_entry_try_elsewhere_first, layout_rooms,
          serial_shops, shop, minmay_puff
Lair:1:   layout_gridlike, gammafunk_ghost_arena,
          chequers_serial_rivers_micro_d, pdpol_lair_cabin_in_the_woods
Lair:2:   layout_long_grid, nicolae_swamp_entry_spooky
Lair:3:   layout_roguey, spider_nest_entry_webs, nicolae_quartered_pool_super,
          nicolae_lair_run_with_the_wolves, uniq_gastronok, uniq_fannar
Lair:4:   layout_misc_corridors, slime_entry_2, pdpol_lair_cavern_descent
Lair:5:   evilmike_catoblepas_cave, layout_cave_pods,
          gammafunk_ghost_necromancy, minivault_11, grunt_megastairs_2
Swamp:1:  layout_falls_marsh, evilmike_swamp_ruin_house_2,
          nicolae_swamp_baby_hydras, infiniplex_staircase_pool
Swamp:2:  layout_falls_marsh, serial_swamp_ruin, evilmike_swamp_ruin_house_3,
          evilmike_swamp_ruin_rubble_2, evilmike_swamp_ruin_wall
Swamp:3:  layout_basic_swamp, hangedman_swamp_ruin_hall, swamp_pool3,
          nicolae_swamp_nymph_family_reunion
Swamp:4:  swamp_basic_johnstein, layout_basic_swamp, infiniplex_staircase_pool_2
Spider:1: layout_spider_delve, hive_lemuel
Spider:2: layout_spider_delve, special_room, hellmonk_narrow_tunnel,
          uniq_donald, uniq_kirke
Spider:3: layout_spider_delve
Spider:4: spider_rune_water, uniq_arachne
Slime:1:  layout_caves
Slime:2:  layout_caves, cheibrodos_slime_lost_civilization_6
Slime:3:  cheibrodos_slime_lost_civilization_8, layout_caves
Slime:4:  layout_caves
Slime:5:  slime_pit
Orc:1:    layout_caves, serial_shops, nicolae_shop_trees, shop,
          nicolae_diamond_shop
Orc:2:    grunt_orc_tribal_feast, layout_diamond_mine, serial_shops,
          shop_fountains, portal_ice_cave_entry_pillars_2
Elf:1:    layout_loops_cross, serial_shops, nicolae_shop_mannequins,
          portal_desolation_entry_twin_temple, kennysheep_underground_church,
          minmay_shop_grove
Elf:2:    elven_hall_of_blades_hangedman_alternative
          [nicolae_blade_entry_crossed_weapons], layout_loops_ring
Elf:3:    grunt_elf_hall_diamonds, layout_geoelf_castle, basic_altar,
          serial_shops, nicolae_shop_tiny_real_fake_doors, shop, shop_coins,
          nicolae_gammafunk_elf_defective_weapons_storage
Vaults:1: nicolae_vaults_little_squares_2, ontoclasm_vaults_loading_screen,
          nicolae_vaults_little_squares_1, ontoclasm_vaults_ring_square,
          vaults_mumra_hex, v_misc_11, nicolae_vaults_big_angled_halls,
          vaults_room_stairs_pillars, nicolae_vaults_little_squares_2,
          hangedman_vaults_impose, v_pattern_4, st_octagons_1,
          ontoclasm_vaults_decontamination, hangedman_vaults_cutoff,
          nicolae_vaults_little_squares_6, vaults_room_pool,
          layout_vaults_omnicross
Vaults:2: nicolae_vaults_trapezoid_3, nicolae_vaults_sesquioval_fish,
          nicolae_vaults_trapezoid_lopsided_1, grunt_vaults_diagonal,
          nicolae_vaults_ring_of_whatevers, nicolae_vaults_double_plus_3,
          nicolae_vaults_tetromino_T_2, nicolae_vaults_little_squares_6,
          nicolae_vaults_diamond_1, nicolae_vaults_trapezoid_2,
          nicolae_vaults_shelves_hall, layout_vaults_chaotic_city
Vaults:3: minmay_crypt_entry_necro_gods, v_rooms_5, grunt_vaults_hallway_long,
          ontoclasm_vaults_loading_screen, nicolae_vaults_offset_grid_hallway_1,
          ontoclasm_vaults_chip, nicolae_vaults_trapezoid_lopsided_1, v_misc_26,
          nicolae_vaults_trapezoid_2, layout_vaults_omnigrid, serial_shops,
          nicolae_shop_real_fake_doors, uniq_margery
Vaults:4: nicolae_vaults_angled_halls, vaults_standard_mumra_lines,
          nicolae_vaults_doubleplus_tesselated, nicolae_vaults_stepped_doors,
          v_misc_3, v_misc_2, nicolae_vaults_twisting_passages,
          ontoclasm_vaults_ligature, nicolae_vaults_diamond_1,
          nicolae_vaults_little_squares_3, vaults_room_stairs_pillars,
          nicolae_vaults_trapezoid_lopsided_3, nicolae_vaults_library_corner,
          layout_vaults_ring, serial_shops, shop, nicolae_shop_crystal
Depths:1: minmay_box_of_curves, layout_cave_pools, enter_ziggurat_a,
          abyss_entry_crystal, kennysheep_cluttered_room, pf_coc_iceberg,
          grunt_decor_clamped, nicolae_shop_clearance
Depths:2: dreamdust_cat_pyramid, layout_gridlike, pan_entry, serial_shops, shop,
          ebering_ghost_xom, hell_entry, minmay_staircase_statues,
          minmay_shop_star
Depths:3: grunt_twisty_corner, layout_basic, minmay_misc_feat_encased,
          ploomutoo_gammafunk_ghost_potion_laboratory,
          grunt_hell_entry_dis_grunt, abyss_entry,
          nicolae_kikubaaqudgha_miasma_corner, uniq_boris, uniq_jory,
          uniq_frederick
Depths:4: evilmike_zot_entry_diamond, layout_cave_shapes,
          yredelemnul_altar_generic, abyss_entry, nicolae_trove_entry_crossroad,
          grunt_hell_horde, uniq_vv
Zot:1:    layout_gridville, nicolae_transporter_circle
Zot:2:    layout_twisted_circle, st_stairs_6
Zot:3:    layout_basic
Zot:4:    layout_twisted_circle, uniq_tiamat
Zot:5:    layout_onion

Skill      XL: |  1  2  3  4  5  6  7  8  9 10 11 12 13 14 15 16 17 18 19 20 21 22 23 24 25 |
---------------+----------------------------------------------------------------------------+-----
Fighting       | 2 3 5 6 7 11 12 13 14 15 16 17 19 20 21 | 21.8
Unarmed Combat | 4 5 6 8 13 14 15 16 18 19 | 19.6
Shapeshifting  | 6 7 8 13 14 16 | 16.0
Armour         | 1 4 5 6 13 14 15 | 15.5
Invocations    | 5 10 | 10.8
Dodging        | 5 9 10 11 12 | 12.0
Evocations     | 3 9 |  9.1
Throwing       | 10 12 14 15 17 19 | 19.4
Shields        | 5 6 14 | 14.9
Translocations | 6 11 12 | 12.3
Spellcasting   | 3 7 |  7.1
Ice Magic      | 10 | 10.7
Stealth        | 1 |  1.7

Action                     |  1- 3 |  4- 6 |  7- 9 | 10-12 | 13-15 | 16-18 | 19-21 | 22-24 | 25-27 || total
---------------------------+-------+-------+-------+-------+-------+-------+-------+-------+-------++-------
  Melee: Unarmed           |    79 |    91 |   184 |   669 |  1362 |  1597 |  1408 |   914 |   183 ||  6487
         Punch             |     1 |     2 |     8 |     2 |    31 |     1 |       |       |       ||    45
         Headbutt          |       |       |       |       |       |       |       |    79 |    38 ||   117
  Throw: Dart              |       |       |     5 |     4 |    14 |    25 |     4 |     3 |       ||    55
         Boomerang         |       |       |       |       |    16 |   314 |   592 |   105 |       ||  1027
         Javelin           |       |       |       |       |       |    17 |    17 |    44 |       ||    78
         Throwing net      |       |       |       |       |       |       |       |     1 |       ||     1
   Cast: Manifold Assault  |       |       |       |       |       |       |       |   209 |    39 ||   248
         Ozocubu's Armour  |       |       |       |       |       |       |       |     9 |       ||     9
         Apportation       |       |       |       |       |       |       |       |       |     1 ||     1
         Blink             |       |       |       |       |       |       |       |       |     1 ||     1
 Invoke: Heroism           |       |       |       |     2 |     7 |    13 |     4 |     3 |       ||    29
         Receive Armour    |       |       |       |     1 |       |       |       |       |       ||     1
         Finesse           |       |       |       |       |       |     1 |     1 |     1 |       ||     3
         Duel              |       |       |       |       |       |       |       |     1 |       ||     1
Ability: Hop               |       |     1 |     6 |     4 |    17 |    26 |    15 |     8 |       ||    77
  Evoke: Wand              |       |       |    16 |     1 |    34 |    16 |     6 |     2 |    15 ||    90
         Phial of floods   |       |       |       |     1 |       |     1 |     1 |     2 |       ||     5
         Lightning rod     |       |       |       |       |       |    12 |    10 |     5 |       ||    27
    Use: Potion            |       |     1 |     5 |     1 |     1 |     1 |     1 |     6 |     7 ||    23
         Scroll            |       |       |     4 |     9 |    12 |    11 |     6 |    16 |    18 ||    76
   Stab: Paralysed         |       |       |       |       |     3 |     7 |       |       |       ||    10
         Confused          |       |       |       |       |       |       |     1 |       |       ||     1
         Sleeping          |       |       |       |       |       |       |       |     1 |     1 ||     2
 Armour: Animal skin       |    27 |    52 |    35 |       |       |       |       |       |       ||   114
         Skin              |       |     4 |       |       |       |       |       |   591 |   129 ||   724
         Ring mail         |       |       |    89 |   345 |       |       |       |       |       ||   434
         Plate armour      |       |       |       |    82 |  1332 |  1868 |  1394 |   159 |       ||  4835
  Dodge: Dodged            |    46 |    47 |    88 |   391 |   598 |   796 |   537 |   590 |    78 ||  3171
  Block: Buckler           |       |       |       |       |       |   604 |   430 |   244 |       ||  1278
         Kite shield       |       |       |       |       |       |       |       |   101 |   136 ||   237
   Form: Flux              |       |       |       |     2 |     4 |       |       |       |       ||     6
                           |       |       |       |     2 |     4 |       |     5 |     1 |       ||    12
         Statue            |       |       |       |       |       |       |     5 |     2 |       ||     7

Table legend: (Time is in decaauts)
 A = Elapsed time spent in this place.
 B = Non-inter-level travel time spent in this place.
 C = Inter-level travel time spent in this place.
 D = Time resting spent in this place.
 E = Time spent auto-exploring this place.
 F = Levels seen in this place.
 G = Mean time per level.
                   A        B        C        D        E       F      G
               +--------+--------+--------+--------+--------+-----+--------+
         Total |  69478 |  58599 |  10879 |   6881 |  36991 |  57 | 1218.9 |
       Dungeon |  20675 |  16099 |   4576 |   1345 |  11248 |  15 | 1378.3 |
          Lair |   7634 |   6202 |   1432 |    653 |   4255 |   5 | 1526.8 |
         Swamp |   4402 |   3958 |    444 |    912 |   1836 |   4 | 1100.5 |
   Spider Nest |   6350 |   5416 |    934 |    725 |   3232 |   4 | 1587.5 |
    Slime Pits |   1647 |   1495 |    152 |    835 |     59 |   5 |  329.4 |
  Orcish Mines |   2133 |   1681 |    452 |     66 |   1091 |   2 | 1066.5 |
   Elven Halls |   5006 |   4157 |    849 |    339 |   2705 |   3 | 1668.7 |
        Vaults |   7734 |   6802 |    932 |    757 |   4676 |   4 | 1933.5 |
        Depths |   8886 |   7956 |    930 |    713 |   5913 |   4 | 2221.5 |
           Zot |   1879 |   1706 |    173 |    124 |    944 |   5 |  375.8 |
         Trove |    146 |    146 |      0 |      0 |     47 |   1 |  146.0 |
        Bailey |    258 |    258 |      0 |     13 |     98 |   1 |  258.0 |
      Ice Cave |    851 |    851 |      0 |    162 |    267 |   1 |  851.0 |
    Desolation |   1386 |   1386 |      0 |    171 |    451 |   1 | 1386.0 |
      Gauntlet |    462 |    462 |      0 |     49 |    166 |   1 |  462.0 |
         Arena |     23 |     23 |      0 |     12 |      0 |   1 |   23.0 |
               +--------+--------+--------+--------+--------+-----+--------+

Top non-repeatable levels by time:
   Elf:3: 2678 daAuts
Depths:3: 2538 daAuts
Vaults:1: 2324 daAuts
Depths:2: 2280 daAuts
Depths:4: 2166 daAuts
Vaults:4: 2064 daAuts
     D:3: 1988 daAuts
    D:10: 1934 daAuts
Depths:1: 1900 daAuts
    D:11: 1890 daAuts
Vaults:3: 1882 daAuts
     D:9: 1830 daAuts
  Lair:2: 1811 daAuts
     D:6: 1743 daAuts
Spider:4: 1672 daAuts
